General information
- name: BNet
- type: Ladder team game (AT/RT)
- host: Battle.net
- saver: 8248218481
map: Cherryville
- players: 8
- length: 41:43
- speed: Fast
- version: 1.28 W3XP
- replay type: Public
» download(411 KB)
Players
team 1 (winner)
Sauceplain (
purple | 74 APM | 1663 actions | 22:28)
5 Mountain King
3 Storm Bolt
2 Bash
3 Paladin
1 Holy Light
1 Devotion Aura
1 Divine Shield
» actions
| Assign group hotkey | 27 | |
| Basic commands | 1 | |
| Build / train | 83 | |
| Enter build submenu | 21 | |
| Enter hero's abilities submenu | 8 | |
| Give item / drop item | 2 | |
| Remove unit from queue | 1 | |
| Right click | 711 | |
| Select / deselect | 338 | |
| Select group hotkey | 375 | |
| Use ability | 96 | |
1663 total
» units
| Peasant | 10 | |
| Rifleman | 8 | |
| Goblin Shredder | 1 | |
| Mortar Team | 2 | |
| Spell Breaker | 4 | |
| Siege Engine | 1 | |
| Flying Machine | 3 | |
29 total
» upgrades
| Gunpowder | 3 | |
| Armor | 2 | |
| Long Rifles | 1 | |
| Fragmentation Shards | 1 | |
| Control Magic | 1 | |
| Flare | 1 | |
| Masonry | 2 | |
11 total
» buildings
| Lumber Mill | 1 | |
| Farm | 11 | |
| Blacksmith | 1 | |
| Altar of Kings | 1 | |
| Barracks | 2 | |
| Scout Tower | 8 | |
| Arcane Vault | 1 | |
| Arcane Tower | 1 | |
| Town Hall | 2 | |
| Keep | 1 | |
| Castle | 1 | |
| Arcane Sanctum | 1 | |
| Workshop | 1 | |
| Guard Tower | 6 | |
38 total
» build order
00:19 Lumber Mill
00:36 Farm
00:52 Blacksmith
01:10 Altar of Kings
01:26 Farm
01:58 Barracks
02:02 Farm
02:17 Farm
02:29 Barracks
02:42 Scout Tower
02:55 Arcane Vault
03:03 Farm
03:20 Arcane Tower
03:46 Farm
04:59 Town Hall
06:43 Keep
08:48 Farm
08:49 Farm
08:50 Farm
08:50 Farm
08:51 Farm
09:11 Castle
09:40 Arcane Sanctum
09:45 Workshop
14:14 Scout Tower
14:14 Scout Tower
14:15 Scout Tower
14:15 Scout Tower
14:17 Scout Tower
14:18 Scout Tower
14:50 Guard Tower
14:57 Guard Tower
15:12 Guard Tower
15:18 Guard Tower
16:05 Guard Tower
16:09 Scout Tower
17:49 Guard Tower
19:30 Town Hall
» items
| Scroll of Regeneration | 3 | |
| Lesser Clarity Potion | 4 | |
| Scroll of Town Portal | 4 | |
| Potion of Mana | 2 | |
| Potion of Healing | 1 | |
| Orb of Corruption | 1 | |
| Ivory Tower | 5 | |
| Orb of Fire | 1 | |
| Boots of Speed | 1 | |
| Rod of Necromancy | 1 | |
23 total

»
Khabib (
teal | 162 APM | 3332 actions | 20:36)
4 Warden
2 Shadow Strike
2 Blink
1 Keeper of the Grove
1 Entangling Roots
1 Priestess of the Moon
1 Scout
» actions
| Assign group hotkey | 61 | |
| Basic commands | 51 | |
| Build / train | 89 | |
| Enter build submenu | 28 | |
| Enter hero's abilities submenu | 6 | |
| Give item / drop item | 1 | |
| Remove unit from queue | 3 | |
| Right click | 1373 | |
| Select / deselect | 311 | |
| Select group hotkey | 1330 | |
| Use ability | 79 | |
3332 total
» units
| Wisp | 29 | |
| Archer | 11 | |
| Huntress | 8 | |
| Druid of the Claw | 4 | |
| Dryad | 2 | |
54 total
» upgrades
| Strength of the Moon | 1 | |
| Moon Armor | 1 | |
| Ultravision | 1 | |
| Nature's Blessing | 1 | |
| Sentinel | 1 | |
| Reinforced Hides | 2 | |
| Strength of the Wild | 1 | |
| Druid of the Claw Training | 2 | |
| Abolish Magic | 1 | |
| Mark of the Claw | 1 | |
| Improved Bows | 1 | |
13 total
» buildings
| Altar of Elders | 1 | |
| Moon Well | 6 | |
| Ancient of War | 2 | |
| Ancient of Wonders | 2 | |
| Hunter's Hall | 1 | |
| Tree of Life | 3 | |
| Tree of Ages | 1 | |
| Ancient Protector | 9 | |
| Ancient of Lore | 1 | |
| Tree of Eternity | 1 | |
27 total
» build order
00:10 Altar of Elders
00:18 Moon Well
00:34 Ancient of War
01:35 Moon Well
01:56 Ancient of Wonders
02:12 Moon Well
03:54 Hunter's Hall
04:50 Tree of Life
06:39 Tree of Ages
07:49 Ancient of War
07:57 Ancient Protector
08:03 Ancient Protector
08:10 Ancient of Wonders
08:34 Ancient Protector
08:38 Ancient Protector
09:12 Ancient of Lore
10:27 Tree of Eternity
12:36 Moon Well
12:37 Moon Well
13:16 Ancient Protector
13:28 Ancient Protector
13:39 Ancient Protector
13:50 Ancient Protector
13:58 Ancient Protector
15:08 Moon Well
17:41 Tree of Life
19:19 Tree of Life
» items
| Dust of Appearance | 1 | |
| Scroll of Town Portal | 4 | |
| Orb of Venom | 1 | |
6 total
8248218481 (
pink | 85 APM | 3542 actions | 41:43)
7 Archmage
3 Summon Water Elemental
3 Brilliance Aura
1 Mass Teleport
6 Paladin
3 Holy Light
3 Devotion Aura
» actions
| Assign group hotkey | 72 | |
| Basic commands | 147 | |
| Build / train | 207 | |
| ESC pressed | 13 | |
| Enter build submenu | 99 | |
| Enter hero's abilities submenu | 14 | |
| Give item / drop item | 4 | |
| Right click | 875 | |
| Select / deselect | 537 | |
| Select group hotkey | 1254 | |
| Use ability | 320 | |
3542 total
» units
| Peasant | 16 | |
| Footman | 4 | |
| Rifleman | 3 | |
| Goblin Shredder | 2 | |
| Sorceress | 1 | |
| Gryphon Rider | 3 | |
| Dragonhawk Rider | 5 | |
| Wisp | 5 | |
39 total
» upgrades
| Gunpowder | 3 | |
| Armor | 4 | |
| Long Rifles | 1 | |
| Lumber Harvesting | 1 | |
| Masonry | 3 | |
| Swords | 3 | |
| Animal War Training | 1 | |
| Storm Hammers | 1 | |
| Cloud | 1 | |
| Sorceress Training | 2 | |
| Priest Training | 2 | |
| Plating | 1 | |
23 total
» buildings
| Altar of Kings | 1 | |
| Barracks | 1 | |
| Farm | 14 | |
| Arcane Vault | 1 | |
| Lumber Mill | 2 | |
| Blacksmith | 1 | |
| Keep | 2 | |
| Town Hall | 5 | |
| Scout Tower | 56 | |
| Castle | 2 | |
| Guard Tower | 66 | |
| Arcane Tower | 9 | |
| Gryphon Aviary | 4 | |
| Arcane Sanctum | 1 | |
| Moon Well | 8 | |
173 total
» build order
01:02 Altar of Kings
01:04 Barracks
01:05 Farm
01:07 Farm
01:13 Farm
01:52 Arcane Vault
02:08 Lumber Mill
02:11 Lumber Mill
02:30 Blacksmith
02:56 Farm
03:19 Farm
04:05 Keep
04:05 Keep
04:44 Town Hall
06:12 Scout Tower
06:13 Scout Tower
06:14 Scout Tower
08:39 Scout Tower
08:54 Castle
08:54 Castle
09:41 Farm
09:46 Guard Tower
09:46 Guard Tower
09:49 Guard Tower
09:49 Guard Tower
10:26 Arcane Tower
10:26 Arcane Tower
10:28 Scout Tower
10:29 Scout Tower
11:14 Gryphon Aviary
11:15 Gryphon Aviary
12:25 Arcane Sanctum
12:31 Farm
12:36 Guard Tower
12:36 Guard Tower
13:18 Scout Tower
13:19 Scout Tower
13:53 Guard Tower
13:54 Guard Tower
13:54 Guard Tower
14:31 Farm
14:33 Farm
15:10 Scout Tower
15:13 Scout Tower
15:42 Guard Tower
15:42 Guard Tower
16:13 Scout Tower
16:16 Scout Tower
17:09 Guard Tower
17:09 Guard Tower
17:23 Gryphon Aviary
17:27 Gryphon Aviary
17:51 Scout Tower
17:52 Scout Tower
17:59 Scout Tower
18:21 Guard Tower
18:21 Guard Tower
18:26 Guard Tower
18:27 Guard Tower
18:27 Guard Tower
18:30 Farm
21:11 Guard Tower
21:11 Guard Tower
21:11 Guard Tower
22:30 Scout Tower
22:31 Scout Tower
22:32 Scout Tower
22:33 Scout Tower
22:34 Scout Tower
22:36 Scout Tower
22:40 Scout Tower
22:41 Scout Tower
22:41 Scout Tower
23:17 Guard Tower
23:17 Guard Tower
23:17 Guard Tower
23:19 Guard Tower
23:19 Guard Tower
23:19 Scout Tower
23:44 Guard Tower
23:44 Guard Tower
24:17 Guard Tower
24:17 Guard Tower
24:18 Scout Tower
24:24 Farm
24:59 Farm
25:00 Farm
25:01 Farm
26:17 Scout Tower
26:18 Scout Tower
26:30 Scout Tower
26:31 Scout Tower
26:36 Scout Tower
26:38 Guard Tower
26:38 Guard Tower
26:38 Guard Tower
27:58 Guard Tower
27:58 Guard Tower
28:25 Guard Tower
28:25 Guard Tower
28:40 Moon Well
28:41 Moon Well
28:43 Moon Well
28:44 Guard Tower
28:44 Guard Tower
33:59 Scout Tower
34:04 Scout Tower
34:12 Town Hall
34:14 Scout Tower
34:15 Scout Tower
34:15 Scout Tower
34:17 Scout Tower
34:47 Guard Tower
34:48 Guard Tower
34:48 Guard Tower
34:48 Guard Tower
34:48 Guard Tower
34:49 Guard Tower
34:49 Guard Tower
35:10 Town Hall
35:26 Scout Tower
35:44 Scout Tower
35:46 Scout Tower
35:46 Scout Tower
35:48 Scout Tower
35:49 Scout Tower
35:51 Scout Tower
35:59 Scout Tower
36:10 Arcane Tower
36:10 Arcane Tower
36:11 Arcane Tower
36:16 Arcane Tower
36:17 Arcane Tower
36:19 Guard Tower
36:19 Guard Tower
36:23 Guard Tower
36:23 Guard Tower
36:25 Guard Tower
36:25 Guard Tower
36:31 Scout Tower
36:32 Scout Tower
36:32 Scout Tower
36:33 Scout Tower
36:35 Scout Tower
36:40 Scout Tower
36:46 Guard Tower
36:47 Guard Tower
36:59 Guard Tower
37:00 Guard Tower
37:00 Guard Tower
37:02 Guard Tower
37:02 Guard Tower
37:02 Guard Tower
37:02 Guard Tower
37:03 Guard Tower
37:03 Guard Tower
37:04 Guard Tower
37:05 Guard Tower
37:07 Arcane Tower
37:07 Arcane Tower
37:51 Scout Tower
37:55 Scout Tower
37:58 Scout Tower
38:01 Scout Tower
38:18 Moon Well
38:18 Moon Well
38:19 Moon Well
38:20 Moon Well
38:22 Moon Well
40:03 Town Hall
40:37 Town Hall
41:12 Scout Tower
» items
| Scroll of Regeneration | 7 | |
| Mechanical Critter | 5 | |
| Boots of Speed | 1 | |
| Periapt of Vitality | 2 | |
| Potion of Lesser Invulnerability | 2 | |
| Scroll of Protection | 2 | |
| Scroll of Healing | 2 | |
| Scroll of Town Portal | 3 | |
| Staff of Sanctuary | 1 | |
| Orb of Fire | 1 | |
| Potion of Healing | 1 | |
27 total
frisson (
green | 139 APM | 2829 actions | 20:22)
6 Crypt Lord
2 Carrion Beetles
3 Impale
1 Locust Swarm
» actions
| Assign group hotkey | 88 | |
| Basic commands | 254 | |
| Build / train | 52 | |
| Enter build submenu | 22 | |
| Enter hero's abilities submenu | 6 | |
| Give item / drop item | 5 | |
| Remove unit from queue | 1 | |
| Right click | 1373 | |
| Select / deselect | 425 | |
| Select group hotkey | 467 | |
| Use ability | 135 | |
2829 total
» units
| Acolyte | 4 | |
| Ghoul | 4 | |
| Necromancer | 4 | |
| Meatwagon | 2 | |
| Obsidian Statue | 1 | |
| Banshee | 3 | |
18 total
» upgrades
| Necromancer Training | 2 | |
| Skeletal Longevity | 1 | |
| Ghoul Frenzy | 1 | |
| Skeletal Mastery | 1 | |
| Exhume Corpses | 1 | |
| Disease Cloud | 1 | |
| Banshee Training | 2 | |
| Unholy Strength | 1 | |
| Unholy Armor | 1 | |
| Destroyer Form | 1 | |
12 total
» buildings
| Crypt | 1 | |
| Altar of Darkness | 1 | |
| Ziggurat | 7 | |
| Graveyard | 2 | |
| Halls of the Dead | 2 | |
| Tomb of Relics | 1 | |
| Black Citadel | 1 | |
| Temple of the Damned | 2 | |
| Slaughterhouse | 1 | |
| Spirit Tower | 4 | |
22 total
» build order
00:18 Crypt
00:27 Altar of Darkness
00:35 Ziggurat
00:58 Graveyard
01:03 Graveyard
02:19 Halls of the Dead
02:20 Halls of the Dead
02:42 Ziggurat
03:04 Tomb of Relics
04:43 Black Citadel
04:47 Temple of the Damned
05:04 Temple of the Damned
05:26 Slaughterhouse
05:55 Ziggurat
05:56 Ziggurat
13:16 Spirit Tower
13:16 Spirit Tower
14:57 Spirit Tower
14:57 Spirit Tower
18:18 Ziggurat
18:19 Ziggurat
18:20 Ziggurat
» items
| Orb of Corruption | 1 | |
| Boots of Speed | 1 | |
| Scroll of Town Portal | 1 | |
| Sacrificial Skull | 2 | |
5 total
team 2 (loser)

»
manzam (
blue | 71 APM | 2097 actions | 29:19)
4 Demon Hunter
1 Immolation
2 Evasion
1 Mana Burn
3 Keeper of the Grove
1 Entangling Roots
2 Thorns Aura
» actions
| Assign group hotkey | 25 | |
| Basic commands | 6 | |
| Build / train | 85 | |
| Enter build submenu | 26 | |
| Enter hero's abilities submenu | 7 | |
| Give item / drop item | 6 | |
| Remove unit from queue | 2 | |
| Right click | 739 | |
| Select / deselect | 266 | |
| Select group hotkey | 821 | |
| Use ability | 114 | |
2097 total
» units
| Wisp | 32 | |
| Archer | 9 | |
| Goblin Shredder | 1 | |
| Huntress | 2 | |
| Dryad | 7 | |
| Druid of the Claw | 2 | |
53 total
» upgrades
| Abolish Magic | 1 | |
| Druid of the Claw Training | 2 | |
| Reinforced Hides | 1 | |
4 total
» buildings
| Moon Well | 8 | |
| Altar of Elders | 1 | |
| Ancient of War | 1 | |
| Hunter's Hall | 1 | |
| Tree of Ages | 1 | |
| Ancient of Wonders | 2 | |
| Tree of Life | 3 | |
| Ancient Protector | 4 | |
| Tree of Eternity | 1 | |
| Ancient of Wind | 1 | |
| Ancient of Lore | 2 | |
25 total
» build order
00:26 Moon Well
00:32 Altar of Elders
00:55 Ancient of War
01:54 Moon Well
03:04 Moon Well
03:20 Hunter's Hall
03:55 Tree of Ages
04:32 Ancient of Wonders
04:52 Tree of Life
05:12 Ancient Protector
05:58 Moon Well
06:47 Tree of Eternity
07:33 Ancient Protector
08:45 Ancient of Wind
12:41 Ancient Protector
12:47 Ancient Protector
15:16 Ancient of Lore
15:24 Ancient of Wonders
15:51 Ancient of Lore
19:28 Tree of Life
19:55 Moon Well
22:29 Tree of Life
22:59 Moon Well
23:58 Moon Well
24:17 Moon Well
» items
| Staff of Teleportation | 2 | |
| Potion of Healing | 5 | |
| Scroll of Town Portal | 1 | |
| Staff of Preservation | 1 | |
| Potion of Mana | 3 | |
| Orb of Venom | 1 | |
| Orb of Lightning | 1 | |
14 total
HappyTots (
yellow | 57 APM | 1671 actions | 29:14)
5 Paladin
2 Holy Light
1 Devotion Aura
2 Divine Shield
3 Mountain King
2 Storm Bolt
1 Bash
» actions
| Assign group hotkey | 30 | |
| Basic commands | 79 | |
| Build / train | 93 | |
| Enter build submenu | 20 | |
| Enter hero's abilities submenu | 8 | |
| Right click | 513 | |
| Select / deselect | 409 | |
| Select group hotkey | 442 | |
| Use ability | 77 | |
1671 total
» units
| Peasant | 15 | |
| Footman | 4 | |
| Rifleman | 12 | |
| Mortar Team | 10 | |
| Goblin Shredder | 1 | |
| Flying Machine | 20 | |
62 total
» upgrades
| Gunpowder | 3 | |
| Armor | 1 | |
| Fragmentation Shards | 1 | |
| Flare | 1 | |
| Flak Cannons | 1 | |
7 total
» buildings
| Altar of Kings | 1 | |
| Farm | 14 | |
| Barracks | 1 | |
| Lumber Mill | 1 | |
| Scout Tower | 10 | |
| Blacksmith | 1 | |
| Arcane Tower | 1 | |
| Keep | 1 | |
| Town Hall | 2 | |
| Guard Tower | 5 | |
| Workshop | 2 | |
| Arcane Vault | 1 | |
| Castle | 1 | |
41 total
» build order
00:24 Altar of Kings
00:39 Farm
00:54 Barracks
01:07 Lumber Mill
01:14 Farm
01:47 Farm
01:54 Scout Tower
02:14 Farm
02:28 Blacksmith
02:33 Arcane Tower
03:48 Keep
04:45 Town Hall
04:49 Scout Tower
04:50 Scout Tower
04:51 Scout Tower
04:52 Scout Tower
04:53 Scout Tower
04:54 Scout Tower
04:54 Scout Tower
04:55 Scout Tower
05:17 Guard Tower
05:43 Guard Tower
05:44 Guard Tower
05:58 Farm
06:11 Guard Tower
06:30 Farm
06:41 Guard Tower
07:42 Workshop
07:45 Workshop
08:34 Arcane Vault
09:13 Farm
09:14 Farm
11:03 Scout Tower
14:35 Castle
17:05 Farm
17:05 Farm
17:06 Farm
17:07 Farm
17:07 Farm
17:07 Farm
20:38 Town Hall
» items
| Scroll of Town Portal | 5 | |
| Scroll of Regeneration | 1 | |
6 total
Let'sGoBoys! (
red | 67 APM | 2781 actions | 41:41)
7 Blademaster
3 Wind Walk
3 Critical Strike
1 Bladestorm
» actions
| Assign group hotkey | 30 | |
| Basic commands | 256 | |
| Build / train | 75 | |
| Enter build submenu | 51 | |
| Enter hero's abilities submenu | 8 | |
| Give item / drop item | 2 | |
| Remove unit from queue | 4 | |
| Right click | 1171 | |
| Select / deselect | 531 | |
| Select group hotkey | 447 | |
| Use ability | 205 | |
2781 total
» units
| Peon | 9 | |
| Grunt | 4 | |
| Goblin Shredder | 1 | |
| Troll Batrider | 9 | |
| Goblin Sapper | 12 | |
| Wind Rider | 5 | |
| Goblin Zeppelin | 1 | |
41 total
» upgrades
| Reinforced Defenses | 1 | |
| Ranged Weapons | 3 | |
| Armor | 3 | |
| Troll Regeneration | 1 | |
| Liquid Fire | 1 | |
| Envenomed Spears | 1 | |
10 total
» buildings
| Orc Burrow | 9 | |
| Altar of Storms | 1 | |
| Barracks | 1 | |
| Voodoo Lounge | 1 | |
| Stronghold | 1 | |
| War Mill | 2 | |
| Great Hall | 2 | |
| Fortress | 1 | |
| Watch Tower | 36 | |
| Beastiary | 6 | |
60 total
» build order
00:14 Orc Burrow
00:53 Orc Burrow
01:06 Altar of Storms
01:08 Barracks
01:41 Voodoo Lounge
02:52 Stronghold
03:52 Orc Burrow
04:22 War Mill
05:20 Great Hall
05:54 Fortress
06:44 Watch Tower
06:44 Watch Tower
06:44 Watch Tower
06:45 Watch Tower
07:50 Beastiary
08:16 Beastiary
08:20 Beastiary
08:41 War Mill
08:44 Watch Tower
08:47 Watch Tower
09:42 Orc Burrow
13:50 Beastiary
13:56 Watch Tower
13:56 Watch Tower
13:57 Watch Tower
13:57 Watch Tower
13:58 Watch Tower
18:15 Watch Tower
18:17 Watch Tower
18:18 Watch Tower
18:18 Watch Tower
18:21 Watch Tower
18:22 Watch Tower
23:27 Orc Burrow
23:29 Orc Burrow
23:33 Beastiary
23:39 Beastiary
23:51 Great Hall
23:53 Watch Tower
23:53 Watch Tower
23:53 Watch Tower
23:54 Watch Tower
23:55 Watch Tower
23:55 Watch Tower
23:55 Watch Tower
23:56 Watch Tower
24:07 Orc Burrow
24:09 Orc Burrow
24:10 Orc Burrow
25:24 Watch Tower
25:24 Watch Tower
25:24 Watch Tower
25:26 Watch Tower
25:26 Watch Tower
25:27 Watch Tower
25:28 Watch Tower
25:29 Watch Tower
25:29 Watch Tower
25:42 Watch Tower
25:42 Watch Tower
» items
| Healing Salve | 6 | |
| Boots of Speed | 1 | |
| Scroll of Town Portal | 3 | |
| Lesser Clarity Potion | 1 | |
| Orb of Lightning | 1 | |
| Potion of Healing | 1 | |
| Staff of Teleportation | 1 | |
14 total

»
Trunks52 (
orange | 64 APM | 2653 actions | 41:41)
4 Archmage
2 Summon Water Elemental
2 Brilliance Aura
3 Mountain King
2 Storm Bolt
1 Bash
1 Paladin
1 Holy Light
» actions
| Assign group hotkey | 24 | |
| Basic commands | 126 | |
| Build / train | 103 | |
| Enter build submenu | 49 | |
| Enter hero's abilities submenu | 8 | |
| Give item / drop item | 2 | |
| Remove unit from queue | 2 | |
| Right click | 1575 | |
| Select / deselect | 509 | |
| Select group hotkey | 122 | |
| Use ability | 133 | |
2653 total
» units
| Peasant | 29 | |
| Footman | 8 | |
| Priest | 4 | |
| Knight | 10 | |
| Gryphon Rider | 7 | |
| Goblin Zeppelin | 2 | |
60 total
» upgrades
| Lumber Harvesting | 2 | |
| Swords | 3 | |
| Plating | 2 | |
| Priest Training | 1 | |
| Animal War Training | 1 | |
| Storm Hammers | 1 | |
10 total
» buildings
| Altar of Kings | 2 | |
| Farm | 20 | |
| Barracks | 3 | |
| Scout Tower | 24 | |
| Arcane Vault | 1 | |
| Arcane Tower | 1 | |
| Town Hall | 5 | |
| Lumber Mill | 1 | |
| Keep | 1 | |
| Guard Tower | 5 | |
| Castle | 1 | |
| Arcane Sanctum | 3 | |
| Blacksmith | 1 | |
| Gryphon Aviary | 2 | |
70 total
» build order
00:15 Altar of Kings
00:20 Farm
00:24 Barracks
01:21 Farm
01:34 Scout Tower
01:41 Farm
02:05 Arcane Vault
02:18 Arcane Tower
04:19 Town Hall
04:30 Scout Tower
05:29 Lumber Mill
07:24 Keep
07:29 Guard Tower
07:39 Scout Tower
07:40 Scout Tower
08:31 Farm
08:32 Farm
08:35 Guard Tower
08:42 Scout Tower
08:42 Scout Tower
08:42 Scout Tower
08:43 Scout Tower
08:45 Scout Tower
08:47 Scout Tower
08:48 Scout Tower
08:49 Scout Tower
08:50 Scout Tower
09:06 Barracks
09:16 Farm
09:21 Guard Tower
10:21 Castle
10:25 Arcane Sanctum
10:27 Arcane Sanctum
10:36 Blacksmith
10:39 Farm
10:39 Farm
10:43 Guard Tower
12:30 Arcane Sanctum
13:18 Guard Tower
13:35 Farm
15:16 Barracks
15:21 Gryphon Aviary
15:26 Gryphon Aviary
16:56 Farm
17:29 Farm
17:30 Farm
18:24 Farm
22:19 Town Hall
25:16 Town Hall
29:51 Town Hall
30:15 Altar of Kings
32:33 Town Hall
34:33 Farm
34:34 Farm
34:34 Farm
34:35 Farm
34:35 Farm
34:36 Farm
34:37 Farm
35:17 Scout Tower
35:18 Scout Tower
35:20 Scout Tower
35:23 Scout Tower
35:24 Scout Tower
35:24 Scout Tower
35:29 Scout Tower
35:31 Scout Tower
35:34 Scout Tower
38:28 Scout Tower
41:19 Scout Tower
» items
| Scroll of Regeneration | 3 | |
| Scroll of Protection | 1 | |
| Scroll of Healing | 1 | |
| Scroll of Town Portal | 3 | |
| Staff of Sanctuary | 2 | |
| Potion of Healing | 1 | |
| Potion of Mana | 1 | |
12 total
Chat log
(00:10 / All) Let'sGoBoys!: KHABIB "THE EAGLE" NORMAGOMEDOV!
(00:22 / All) Khabib: how long must i wait
(00:32 / All) Let'sGoBoys!: THESE ARE BULLSHIT GUYS
(00:45 / All) Khabib: #1 bullsheet
(06:54 / Allies) frisson: ty
(07:27 / Allies) Khabib: help
(07:32 / Allies) Khabib: plz
(07:37 / Allies) 8248218481: brt
(08:26 / Allies) Sauceplain: \they all at mid
(08:27 / Allies) Sauceplain: expo
(08:32 / Allies) frisson: k
(09:21 / Allies) Sauceplain: hit that expo
(09:22 / Allies) Sauceplain: teal
(09:30 / Allies) Sauceplain: care pink
(11:03 / Allies) Khabib: wood
(11:03 / Allies) Khabib: plz
(11:42 / Allies) Sauceplain: nice
(11:44 / Allies) Sauceplain: teal
(12:14 / Allies) Khabib: thoguht u were enemy lol
(13:12 / Allies) Khabib: he got bats
(13:13 / Allies) Khabib: tower up
(13:14 / Allies) Khabib: now
(13:19 / Allies) Khabib: wood
(13:19 / Allies) Khabib: plz
(14:07 / Allies) Sauceplain: bats
(14:14 / Allies) Khabib: ya
(14:16 / Allies) Khabib: tower up
(15:34 / Allies) Sauceplain: put avyoles vback on mine
(15:35 / Allies) Sauceplain: green
(17:08 / Allies) Khabib: grween
(17:09 / Allies) Sauceplain: gold me plz
(17:09 / Allies) Khabib: move
(17:10 / Allies) Sauceplain: pink
(17:10 / Allies) Khabib: ghouls
(17:29 / Allies) Sauceplain: 6k
(17:32 / Allies) Sauceplain: plz
(17:33 / Allies) Sauceplain: pink
(17:59 / Allies) Khabib: go
(18:32 / Allies) Sauceplain: fightr
(18:33 / Allies) Sauceplain: green
(18:42 / Allies) Khabib: b
(18:44 / Allies) Khabib: bb
(18:46 / Allies) Khabib: bb
(18:55 / Allies) Khabib: b'
(19:07 / Allies) Sauceplain: gold plz
(19:08 / Allies) Sauceplain: pink
(20:02 / Allies) Khabib: pink
(20:06 / Allies) Khabib: can i get some gold plz
(20:14 / Allies) 8248218481: espanol
(20:16 / Allies) 8248218481: plz
(20:24 / Allies) Khabib: puedo tener dinero por favor?
(21:49 / All) 8248218481: gg noob allies
(22:15 / Allies) Sauceplain: share next time
(22:18 / Allies) Sauceplain: or spend your gold
(22:23 / Allies) 8248218481: espanol plz
(25:48 / All) Let'sGoBoys!: blue tking me
(26:01 / All) 8248218481: file a report to blizzard
(26:02 / All) 8248218481: I will too
(26:06 / All) 8248218481: blue you gone get banned trash
(28:35 / All) 8248218481: gg noobs
(28:40 / All) HappyTots: gg
(29:10 / All) HappyTots: yall have fun with the rest lol
(29:55 / All) Let'sGoBoys!: thank you for the gold, it will not loiter long in my coffers!
(30:08 / All) Let'sGoBoys!: you have my utmost guarantee!
(33:15 / All) Let'sGoBoys!: finish off the southron bases
(33:24 / All) 8248218481: k
(35:44 / All) Let'sGoBoys!: no quit in this noob
(38:25 / All) Trunks52: lool
(38:29 / All) 8248218481: gg noob
(38:32 / All) 8248218481: I earned this
(39:16 / All) Let'sGoBoys!: I have given him control, let's see what he can do
(40:07 / All) Let'sGoBoys!: guess he's not a fan of bms
(40:25 / All) Let'sGoBoys!: He never selected the bm
(40:41 / All) Let'sGoBoys!: You dun goofed oj
(41:00 / All) Let'sGoBoys!: Any last words or pearls of wisdom you wish to bestow upon us?
(41:07 / All) Let'sGoBoys!: Before you take the final dirtnap?
(41:25 / All) Let'sGoBoys!: Guess not